[Event "Titled Tuesday Blitz March 28 Early 2023"]
[White "Titichoca Daza, Daniel"]
[Black "Lewtak, Damian"]
[WhiteFideId "3309550"]
[BlackFideId "1141724"]
[WhiteElo "2095"]
[BlackElo "2302"]
[Result "1/2-1/2"]
[Round "01"]
[TimeControl "180+2"]
[Date "2023.03.28"]
[WhiteClock "0:00:15"]
[BlackClock "0:00:08"]

1. e4 c5 2. Nf3 d6 3. d4 cxd4 4. Nxd4 Nf6 5. Nc3 Nc6 6. Bg5 e6 7. Qd2 a6 8. O-O-O Bd7 9. f4 b5 10. a3 Be7 11. Nf3 h6 12. Bh4 Ra7 13. e5 dxe5 14. fxe5 Ng4 15. Bg3 Bc5 16. Kb1 h5 17. Ne4 Be7 18. Bd3 h4 19. Bf4 b4 20. h3 Nh6 21. axb4 Nxb4 22. Bc4 Qc7 23. Bb3 a5 24. Bg5 Bc6 25. Nd6+ Bxd6 26. Qxd6 Qxd6 27. Rxd6 O-O 28. Nd4 Be4 29. Re1 Bg6 30. Bxh4 a4 31. Bc4 Nf5 32. Nxf5 Bxf5 33. Bd3 Nxd3 34. cxd3 Kh7 35. g4 Bg6 36. Bf2 Rb7 37. h4 Rb3 38. Kc2 Rfb8 39. Bd4 Bxd3+ 40. Kc1 Rc8+ 41. Bc3 a3 42. Rxd3 axb2+ 43. Kc2 Rb5 44. Rb1 Rbc5 45. Rxb2 Rxe5 46. Rb7 Re2+ 47. Rd2 Re3 48. Rd3 Re2+ 49. Kd1 Rf2 50. Bd2 Rf1+ 51. Be1 Rh1 52. Rf3 Ra8 53. Rfxf7 Ra1+ 54. Kd2 Rhxe1 55. Rxg7+ Kh8 56. Rh7+ Kg8 57. Rhc7 Rad1+ 58. Kc2 Rc1+ 59. Kd3 Rcd1+ 60. Kc4 Rc1+ 61. Kd4 Rcd1+ 62. Kc5 Rc1+ 63. Kd6 Rxc7 64. Rxc7 Re4 65. g5 Rxh4 66. Kxe6 Rf4 67. g6 Rf1 68. Ke5 Rf2 69. Ke6 Rf1 70. Rf7 Rxf7 71. gxf7+ Kf8 72. Kf6 1/2-1/2


[Site "https://www.chess.com"]

[Event "Titled Tuesday Blitz March 28 Early 2023"]
[White "Volkov, Sergey"]
[Black "Lorenzo De La Riva, Lazaro"]
[WhiteFideId "4122763"]
[BlackFideId "2268809"]
[WhiteElo "2401"]
[BlackElo "2294"]
[Result "0-1"]
[Round "01"]
[TimeControl "180+2"]
[Date "2023.03.28"]
[WhiteClock "0:00:01"]
[BlackClock "0:00:06"]

1. d4 Nf6 2. c4 g6 3. Nc3 Bg7 4. e4 d6 5. Nf3 O-O 6. Be2 e5 7. Be3 h6 8. O-O Ng4 9. Bc1 Nc6 10. d5 Ne7 11. Nd2 f5 12. Bxg4 fxg4 13. b4 a5 14. bxa5 c5 15. Nb3 g5 16. Be3 Ng6 17. Nb5 Rf7 18. Nxd6 Qxd6 19. Bxc5 Qd8 20. Bb6 Qf6 21. c5 Nh4 22. Nd2 Qg6 23. a4 Qh5 24. Ra3 Nf3+ 25. gxf3 gxf3 26. Kh1 Bh3 27. Nxf3 Bg4 28. Rg1 Rxf3 29. Rxg4 Rxa3 30. d6 Ra1 31. Qxa1 Qxg4 32. Qa2+ Kh8 33. Qd5 Rf8 34. c6 bxc6 35. Qd3 Qd7 36. a6 c5 37. a7 Rc8 38. Qd5 Kh7 39. a5 c4 40. Bc7 c3 41. Qc4 Qg4 42. Qxc3 Qxe4+ 43. Kg1 Qd5 44. Qc2+ e4 0-1


[Site "https://www.chess.com"]

[Event "Titled Tuesday Blitz March 28 Early 2023"]
[White "Silvestre, Christian"]
[Black "polandchessplayer"]
[WhiteFideId "30956269"]
[WhiteElo "2373"]
[BlackElo "2692"]
[Result "0-1"]
[Round "01"]
[TimeControl "180+2"]
[Date "2023.03.28"]
[WhiteClock "0:00:07"]
[BlackClock "0:00:26"]

1. d4 Nf6 2. Bg5 d5 3. Bxf6 exf6 4. g3 c6 5. c3 Bd6 6. Nd2 O-O 7. Bg2 Bf5 8. Ngf3 Nd7 9. O-O Re8 10. c4 Be4 11. cxd5 Bxd5 12. Re1 f5 13. Qc2 g6 14. e3 Rc8 15. a3 Nf6 16. Rac1 Ne4 17. Nxe4 Bxe4 18. Qa4 a6 19. Nd2 Bxg2 20. Kxg2 Qf6 21. h4 Re7 22. Nf3 Rce8 23. Qb3 h6 24. Rh1 Kg7 25. Rh2 Bb8 26. Rhh1 Bd6 27. Rh2 a5 28. Rhh1 Bb8 29. Rc2 Qd6 30. Qc3 Kg8 31. Ne5 Qd5+ 32. Nf3 Bd6 33. Qc4 Qe4 34. Rd1 g5 35. hxg5 hxg5 36. Qd3 Qd5 37. Qc4 Qe4 38. Qd3 f6 39. Qxe4 fxe4 40. Nd2 f5 41. Rh1 Kg7 42. Nc4 Bc7 43. Rc3 Kg6 44. Rb3 b5 45. Nd2 f4 46. gxf4 gxf4 47. Rc3 Re6 48. Rhc1 f3+ 49. Kf1 Rh8 50. Ke1 a4 51. Rxc6 Rh1+ 52. Nf1 Ba5+ 53. Kd1 Rxf1+ 0-1


[Site "https://www.chess.com"]

[Event "Titled Tuesday Blitz March 28 Early 2023"]
[White "Rendle, Thomas E"]
[Black "BenchGM"]
[WhiteFideId "408760"]
[WhiteElo "2428"]
[BlackElo "2368"]
[Result "1-0"]
[Round "01"]
[TimeControl "180+2"]
[Date "2023.03.28"]
[WhiteClock "0:00:16"]
[BlackClock "0:00:07"]

1. Nf3 f5 2. b3 Nf6 3. Bb2 g6 4. Bxf6 exf6 5. g3 d5 6. Bg2 Bd6 7. O-O O-O 8. e3 c6 9. c4 Be6 10. Qc2 Nd7 11. d4 Qe7 12. Qd3 Bf7 13. Nc3 dxc4 14. bxc4 Ba3 15. Rab1 Bb4 16. c5 Bxc3 17. Qxc3 Rab8 18. a4 Bd5 19. a5 a6 20. Rb4 g5 21. Rfb1 f4 22. exf4 gxf4 23. Rxb7 fxg3 24. hxg3 Qe4 25. Rxb8 Rxb8 26. Re1 Qg4 27. Nh2 Qf5 28. Bxd5+ Qxd5 29. Ng4 Rb3 30. Qc2 Ra3 31. Qb2 Rb3 32. Qe2 Rf3 33. Qxa6 Qxd4 34. Ne3 Qe5 35. Qxc6 1-0


[Site "https://www.chess.com"]

[Event "Titled Tuesday Blitz March 28 Early 2023"]
[White "Zheenbekov, Nurgazy"]
[Black "Subelj, Jan"]
[WhiteFideId "13800485"]
[BlackFideId "14618583"]
[WhiteElo "1975"]
[BlackElo "2474"]
[Result "0-1"]
[Round "01"]
[TimeControl "180+2"]
[Date "2023.03.28"]
[WhiteClock "0:00:12"]
[BlackClock "0:00:38"]

1. e4 Nc6 2. Nf3 e6 3. d4 d5 4. Nc3 Bb4 5. e5 f6 6. exf6 Nxf6 7. Bb5 O-O 8. Bxc6 bxc6 9. O-O c5 10. a3 cxd4 11. axb4 dxc3 12. bxc3 Qd6 13. Bg5 Ne4 14. Bh4 Nxc3 15. Qd3 Ne4 16. Rfe1 a5 17. bxa5 Ba6 18. Qe3 c5 19. Bg3 Nxg3 20. hxg3 Rf6 21. Ne5 Raf8 22. f4 d4 23. Qe4 Rb8 24. Reb1 Rff8 25. Rb6 Rxb6 26. axb6 Qxb6 27. Nd7 Bb7 28. Qe2 Qb2 29. Qxe6+ Kh8 30. Nxf8 Qxa1+ 31. Kh2 Qf1 32. Qh3 Kg8 33. Nd7 Qc4 34. Qf5 Qf7 35. Qxf7+ Kxf7 36. Nxc5 Bd5 37. Kg1 Ke7 38. Kf2 Kd6 39. Nd3 Be4 40. g4 Kd5 41. Ke2 Bxg2 42. Nf2 Kc4 43. Kd2 h6 44. g5 h5 45. f5 Kd5 46. Nd3 Be4 47. f6 gxf6 48. gxf6 Kd6 49. Nf4 h4 50. Ke2 Bxc2 51. Kf3 Bf5 0-1


[Site "https://www.chess.com"]

[Event "Titled Tuesday Blitz March 28 Early 2023"]
[White "Darini, Pouria"]
[Black "Shukhman, Anna"]
[WhiteFideId "12502200"]
[BlackFideId "54180058"]
[WhiteElo "2482"]
[BlackElo "2125"]
[Result "1-0"]
[Round "01"]
[TimeControl "180+2"]
[Date "2023.03.28"]
[WhiteClock "0:00:09"]
[BlackClock "0:00:20"]

1. d4 Nf6 2. Bg5 d5 3. Be3 g6 4. Nf3 Bg7 5. Bf4 O-O 6. Nbd2 c5 7. e3 Nc6 8. c3 Re8 9. Be2 Ne4 10. O-O e5 11. dxe5 Nxd2 12. Qxd2 Nxe5 13. Rad1 Nxf3+ 14. Bxf3 g5 15. Bg3 d4 16. exd4 g4 17. Be2 cxd4 18. cxd4 Bf5 19. Bd3 Be6 20. Bb5 Bd7 21. Bxd7 Qxd7 22. d5 Re4 23. b3 f5 24. Rfe1 Rae8 25. Rxe4 Rxe4 26. d6 Rd4 27. Qc1 Qc6 28. h4 Qxc1 29. Rxc1 f4 30. Bh2 Be5 31. Rc8+ Kf7 32. Rc1 Rxd6 33. Kf1 Rd2 34. Re1 Bd4 35. Bg1 Rxa2 36. Rd1 Bb6 37. Rc1 f3 38. gxf3 gxf3 39. Rd1 Rb2 40. b4 Rxb4 41. Bh2 Rb2 42. Bg3 a5 43. Ke1 a4 44. Rd3 a3 45. Rxf3+ Ke6 46. Rxa3 Rb1+ 47. Ke2 Rb2+ 48. Kf3 Bc5 49. Ra8 b5 50. Rc8 Kd5 51. Rc7 Rb3+ 52. Kg4 b4 53. Rxh7 Rd3 54. Rd7+ Kc4 55. Rb7 b3 56. h5 Bb4 57. Be5 Bc3 58. Rc7+ Kb4 59. Bxc3+ Rxc3 60. Rb7+ Ka3 61. h6 b2 62. h7 Rc4+ 63. Kg5 Rb4 64. Rxb4 Kxb4 65. h8=Q b1=Q 66. Qb8+ Kc3 67. Qxb1 Kd2 68. Qe4 Kc3 69. f4 Kb2 70. f5 Kc3 71. f6 Kb2 72. f7 Kc3 73. Qf3+ Kb2 74. Qe2+ Kc3 75. f8=Q Kd4 76. Qd6+ Kc3 77. Qed3+ Kb2 78. Q6a3# 1-0


[Site "https://www.chess.com"]

[Event "Titled Tuesday Blitz March 28 Early 2023"]
[White "Bochnicka, Vladimir"]
[Black "Kozak, Antoni"]
[WhiteFideId "14943450"]
[BlackFideId "21832030"]
[WhiteElo "2094"]
[BlackElo "2470"]
[Result "0-1"]
[Round "01"]
[TimeControl "180+2"]
[Date "2023.03.28"]
[WhiteClock "0:00:02"]
[BlackClock "0:00:19"]

1. e4 c6 2. d4 d5 3. e5 Bf5 4. h4 h6 5. g4 Bd7 6. h5 e6 7. Bd3 c5 8. c3 Qb6 9. Bc2 Nc6 10. Ne2 cxd4 11. cxd4 Nb4 12. Bb3 Bb5 13. Nbc3 Ba6 14. Rh3 Ne7 15. a3 Nbc6 16. Be3 Na5 17. Ba4+ Nec6 18. b4 Nc4 19. b5 Nb2 20. Qc2 Nxa4 21. Qxa4 Be7 22. bxa6 bxa6 23. Rb1 Qc7 24. Qxa6 O-O 25. Rb7 Qc8 26. Qb5 Bxa3 27. Kf1 Nb4 28. Qd7 Qc4 29. Kg2 Nc2 30. Rf3 Ne1+ 31. Kg3 Nxf3 32. Kxf3 Qc8 33. Rxa7 Rxa7 34. Qxa7 Bb2 35. Nb5 Qc2 36. Nd6 Qd1 37. Qa6 f6 38. Kg3 fxe5 39. dxe5 Bxe5+ 40. f4 Bxd6 41. Qxd6 Qxe2 42. Qxe6+ Kh8 43. f5 Qd3 44. Kg2 Qe4+ 45. Qxe4 dxe4 46. Kg3 Re8 47. Kf4 Kg8 48. Bd4 Kf7 49. Be3 Re7 50. Bc5 Rc7 51. Be3 Rc4 52. Ke5 Ra4 53. Kf4 Kf6 54. Bf2 e3+ 55. Kxe3 Rxg4 56. Kf3 Kxf5 57. Be3 Rh4 58. Bd4 Rxh5 59. Bxg7 Kg6 60. Bd4 Rh4 61. Bf2 Rh5 62. Bg3 Ra5 63. Kg2 Rb5 64. Bf2 Rb3 65. Bg3 Kf5 66. Bf2 Kg4 67. Kh1 h5 68. Bg1 Kh3 69. Bf2 Rb1+ 70. Bg1 Rb2 71. Be3 h4 72. Bg1 Ra2 73. Be3 Kg3 74. Bg1 h3 75. Bd4 h2 76. Be5+ Kh3 77. Bd4 Rd2 0-1


[Site "https://www.chess.com"]

[Event "Titled Tuesday Blitz March 28 Early 2023"]
[White "Jessel, Stephen"]
[Black "Manon-og, Ramon Jr."]
[WhiteFideId "628859"]
[BlackFideId "5200776"]
[WhiteElo "2268"]
[BlackElo "2349"]
[Result "1-0"]
[Round "01"]
[TimeControl "180+2"]
[Date "2023.03.28"]
[WhiteClock "0:01:58"]
[BlackClock "0:01:06"]

1. g3 Nf6 2. Bg2 g6 3. b4 d5 4. Bb2 Bg7 5. c4 d4 6. Nf3 c5 7. O-O O-O 8. d3 Re8 9. Nbd2 e5 10. bxc5 Nc6 11. a4 Bg4 12. h3 Bf5 13. g4 Be6 14. Ng5 Bd7 15. Nge4 Nxe4 16. Nxe4 f5 17. gxf5 gxf5 18. Nd6 Rf8 19. e3 f4 20. Qh5 Be6 21. Be4 h6 22. exf4 Rxf4 23. Bc1 Rh4 24. Qg6 Rxh3 25. Qxe6+ 1-0


[Site "https://www.chess.com"]

[Event "Titled Tuesday Blitz March 28 Early 2023"]
[White "Real_taiatai"]
[Black "Kadam, Om Manish"]
[BlackFideId "45076294"]
[WhiteElo "2345"]
[BlackElo "2221"]
[Result "0-1"]
[Round "01"]
[TimeControl "180+2"]
[Date "2023.03.28"]
[WhiteClock "0:00:04"]
[BlackClock "0:01:37"]

1. d4 Nf6 2. c4 e6 3. g3 d5 4. Bg2 Be7 5. Nf3 O-O 6. O-O dxc4 7. Qc2 a6 8. a4 Nbd7 9. Qxc4 b5 10. Qb3 Bb7 11. axb5 Bd5 12. Qd3 Be4 13. Qb3 axb5 14. Rxa8 Qxa8 15. Nc3 Bc6 16. Bf4 b4 17. Nb1 Bd5 18. Qc2 c5 19. dxc5 Nxc5 20. Nbd2 Rc8 21. Qb1 h6 22. Rc1 Nfe4 23. Nc4 Nb3 24. Nb6 Rxc1+ 25. Bxc1 Qc6 26. Nxd5 exd5 27. Bf4 Bf6 28. Ne5 Bxe5 29. Bxe5 Qc4 30. e3 f6 31. Bd4 Nxd4 32. exd4 Qxd4 33. Bxe4 dxe4 34. Qc2 Kh7 35. Kg2 f5 36. h4 h5 37. Qe2 g6 38. Qc2 Qd5 39. Qc7+ Kh6 40. Qf4+ Kg7 41. Qc7+ Qf7 42. Qe5+ Kh7 43. Qc5 Qb7 44. Kh2 b3 45. Qe5 Qd7 46. Qc3 Qd6 47. Qc8 Qd4 48. Kg2 Qxb2 49. Qb7+ Kh6 50. Qb8 Qc3 51. Qf8+ Qg7 52. Qd8 b2 53. Qd2+ Kh7 54. Kh2 Qb7 55. f4 b1=Q 56. g4 Q7b2 57. g5 Qxd2+ 0-1


[Site "https://www.chess.com"]

[Event "Titled Tuesday Blitz March 28 Early 2023"]
[White "Tregubov, Pavel V."]
[Black "Fernandez Siles, Luis"]
[WhiteFideId "4115341"]
[BlackFideId "2209420"]
[WhiteElo "2425"]
[BlackElo "2186"]
[Result "1-0"]
[Round "01"]
[TimeControl "180+2"]
[Date "2023.03.28"]
[WhiteClock "0:00:06"]
[BlackClock "0:00:05"]

1. e4 c5 2. Nf3 Nc6 3. Bb5 g6 4. O-O Bg7 5. c3 Nf6 6. Re1 O-O 7. h3 e5 8. d4 exd4 9. cxd4 cxd4 10. e5 Nd5 11. Bg5 Qb6 12. Na3 Re8 13. Nc4 Qxb5 14. Nd6 Qxb2 15. Nxe8 Nc3 16. Qd3 Nxe5 17. Nf6+ Bxf6 18. Bxf6 d6 19. Qxd4 Nxf3+ 20. gxf3 Ne2+ 21. Rxe2 Qxe2 22. Bh8 Kf8 23. Qg7+ Ke7 24. Qc3 Be6 25. Re1 Qb5 26. Bf6+ Kd7 27. Bh4 Rc8 28. Qf6 Rc4 29. Kg2 Qh5 30. Qe7+ Kc6 31. Bg3 Qxh3+ 32. Kg1 Bd5 33. Qe8+ Kb6 34. Rb1+ Kc5 35. Qb5+ Kd4 36. Qb2+ Kc5 37. Qb5+ Kd4 38. Rd1+ Kc3 39. Qxd5 Rh4 40. Qb3# 1-0


[Site "https://www.chess.com"]

[Event "Titled Tuesday Blitz March 28 Early 2023"]
[White "Fathy, Elameir"]
[Black "Kucuksari, Kaan"]
[WhiteFideId "10600396"]
[BlackFideId "6380166"]
[WhiteElo "2311"]
[BlackElo "2364"]
[Result "0-1"]
[Round "01"]
[TimeControl "180+2"]
[Date "2023.03.28"]
[WhiteClock "0:00:06"]
[BlackClock "0:00:53"]

1. d4 f5 2. c4 Nf6 3. Nf3 e6 4. a3 Be7 5. Nc3 O-O 6. Qc2 b6 7. e4 fxe4 8. Nxe4 Bb7 9. Bd3 Nxe4 10. Bxe4 Bxe4 11. Qxe4 Nc6 12. O-O Bf6 13. Bf4 Na5 14. Rac1 Qe7 15. Nd2 Nc6 16. Nf3 Na5 17. Nd2 c5 18. dxc5 bxc5 19. Rc2 Nc6 20. Nf3 Nd4 21. Nxd4 Bxd4 22. Be3 Bxe3 23. Qxe3 Rab8 24. Rd1 Rb7 25. h3 d6 26. Rcd2 Rb6 27. b3 e5 28. Rd3 Rf4 29. b4 Rxc4 30. bxc5 Rxc5 31. Qxc5 dxc5 32. Rd8+ Kf7 33. R1d7 Rc6 34. Rxe7+ Kxe7 35. Ra8 Rc7 36. Kf1 Kd6 37. Ke1 Kd5 38. Kd2 Kc4 39. Re8 Kb3 40. Kc1 Kxa3 41. Rxe5 c4 42. Kc2 Kb4 43. f4 a5 44. f5 Rd7 45. g4 a4 46. Re6 a3 47. Rb6+ Ka5 48. Rb8 Ra7 49. Kb1 c3 50. Rc8 Kb4 51. Ka2 Re7 52. Rb8+ Kc4 53. Kxa3 Ra7# 0-1


[Site "https://www.chess.com"]

[Event "Titled Tuesday Blitz March 28 Early 2023"]
[White "Cuenca Jimenez, Jose Fernando"]
[Black "crosky"]
[WhiteFideId "2255570"]
[WhiteElo "2429"]
[BlackElo "2341"]
[Result "1-0"]
[Round "01"]
[TimeControl "180+2"]
[Date "2023.03.28"]
[WhiteClock "0:01:37"]
[BlackClock "0:00:44"]

1. c4 Nf6 2. Nc3 e6 3. d4 Bb4 4. Qc2 O-O 5. Nf3 d6 6. Bd2 Re8 7. a3 Bxc3 8. Bxc3 Nc6 9. Rd1 Bd7 10. e4 e5 11. d5 Nd4 12. Nxd4 exd4 13. Rxd4 c5 14. dxc6 Bxc6 15. f3 d5 16. Be2 Qc7 17. cxd5 1-0


[Site "https://www.chess.com"]

[Event "Titled Tuesday Blitz March 28 Early 2023"]
[White "Ovezdurdyyeva, Jemal"]
[Black "Papasimakopoulos, Alexandros"]
[WhiteFideId "14001888"]
[BlackFideId "4244125"]
[WhiteElo "2043"]
[BlackElo "2359"]
[Result "0-1"]
[Round "01"]
[TimeControl "180+2"]
[Date "2023.03.28"]
[WhiteClock "0:01:08"]
[BlackClock "0:00:57"]

1. e4 e6 2. d4 d5 3. Nd2 Nf6 4. e5 Nfd7 5. Ngf3 c5 6. c3 Nc6 7. Be2 f6 8. exf6 Nxf6 9. O-O Bd6 10. Bd3 O-O 11. Re1 Qc7 12. h3 e5 13. dxe5 Nxe5 14. Nxe5 Bxe5 15. Nf3 Bd6 16. Bg5 Bd7 17. Bc2 Bc6 18. Qd3 g6 19. Re6 Ne4 20. Bh6 Rae8 21. Ng5 Nxg5 22. Rxe8 Nxh3+ 23. Qxh3 Rxe8 24. Qg4 Qe7 25. Kf1 Bb5+ 0-1


[Site "https://www.chess.com"]

[Event "Titled Tuesday Blitz March 28 Early 2023"]
[White "Amilal Munkhdalai"]
[Black "Gutkin, Ilya"]
[WhiteFideId "4903250"]
[BlackFideId "16203470"]
[WhiteElo "2293"]
[BlackElo "2265"]
[Result "1-0"]
[Round "01"]
[TimeControl "180+2"]
[Date "2023.03.28"]
[WhiteClock "0:00:04"]
[BlackClock "0:00:01"]

1. e4 e6 2. d4 d5 3. Nd2 c5 4. exd5 exd5 5. Ngf3 a6 6. c3 Nf6 7. Bd3 Be7 8. dxc5 Bxc5 9. Nb3 Bb6 10. Qe2+ Qe7 11. O-O Qxe2 12. Bxe2 O-O 13. Nfd4 Nc6 14. Be3 Ne5 15. Nc2 Bc7 16. h3 Bf5 17. Ncd4 Bg6 18. Nd2 Nd3 19. b3 Rac8 20. N2f3 Nc5 21. Rac1 Nce4 22. c4 Bd6 23. Nh4 Ba3 24. Rce1 Nc3 25. Nxg6 hxg6 26. Bf3 Rfd8 27. Nc2 Bc5 28. Bg5 Rc7 29. Bxf6 gxf6 30. cxd5 Nxd5 31. Rd1 Rcd7 32. g3 Nc3 33. Rxd7 Rxd7 34. b4 Bb6 35. a4 Rd2 36. Na3 Ra2 37. Nc4 Nxa4 38. Bxb7 Bd4 39. Bxa6 Nc3 40. Bb7 Ra4 41. Bf3 Rxb4 42. Nd2 Rb2 43. Ne4 Nxe4 44. Bxe4 f5 45. Bf3 Kg7 46. h4 Kf6 47. Kg2 Bc5 48. Kg1 Bb6 49. Kg2 Bc5 50. h5 g5 51. g4 fxg4 52. Bxg4 Kg7 53. Kg3 Bd6+ 54. Kh3 Kh6 55. Rd1 Bf4 56. Kg2 Rb6 57. Rd5 Rf6 58. Rd7 Rd6 59. Rxf7 Rd2 60. Bf5 1-0


[Site "https://www.chess.com"]

[Event "Titled Tuesday Blitz March 28 Early 2023"]
[White "Buscar, Michael"]
[Black "Vlassov, Nikolai"]
[WhiteFideId "2603616"]
[BlackFideId "4103360"]
[WhiteElo "2010"]
[BlackElo "2324"]
[Result "0-1"]
[Round "01"]
[TimeControl "180+2"]
[Date "2023.03.28"]
[WhiteClock "0:00:11"]
[BlackClock "0:01:04"]

1. Nf3 c5 2. g3 Nf6 3. Bg2 g6 4. O-O Bg7 5. c4 O-O 6. Nc3 d5 7. cxd5 Nxd5 8. Qb3 e6 9. Nxd5 exd5 10. d4 cxd4 11. Rd1 Nc6 12. Bg5 Qb6 13. Nd2 Qxb3 14. Nxb3 Be6 15. Nc5 b6 16. Nxe6 fxe6 17. Rac1 Rac8 18. Bh3 Kf7 19. a3 Na5 20. Rxc8 Rxc8 21. Rd3 Rc6 22. Rf3+ Ke8 23. Kg2 Nc4 24. b4 b5 25. Bg4 Ne5 26. Rf4 h6 0-1


[Site "https://www.chess.com"]

[Event "Titled Tuesday Blitz March 28 Early 2023"]
[White "De Silva, L M S T"]
[Black "Zampronha, Wladimir Camilo"]
[WhiteFideId "9953698"]
[BlackFideId "2103087"]
[WhiteElo "2403"]
[BlackElo "2176"]
[Result "1-0"]
[Round "01"]
[TimeControl "180+2"]
[Date "2023.03.28"]
[WhiteClock "0:01:54"]
[BlackClock "0:00:20"]

1. e4 c5 2. Nf3 e6 3. d4 cxd4 4. Nxd4 Nc6 5. Be2 Qc7 6. O-O a6 7. a4 Nf6 8. Nc3 Be7 9. Be3 O-O 10. f4 d6 11. Qe1 Nxd4 12. Bxd4 e5 13. fxe5 dxe5 14. Qg3 Bc5 15. Bxc5 Qxc5+ 16. Kh1 Qe7 17. Nd5 Nxd5 18. exd5 b6 19. c4 a5 20. Qe3 Qd6 21. Ra3 Bd7 22. Rb3 Rab8 23. Ra1 f5 24. Rc3 e4 25. Qd4 Rfe8 26. Rf1 Qe5 27. Qxe5 Rxe5 28. b3 Kf7 29. g3 Ke7 30. Kg1 Kd6 31. Kf2 Kc5 32. Ke3 g5 33. Rc2 Rf8 34. Rd2 Kb4 35. Kd4 Ree8 36. Rc2 Kxb3 37. Rc3+ Kxa4 38. Rb1 e3 39. Bd1# 1-0


[Site "https://www.chess.com"]

[Event "Titled Tuesday Blitz March 28 Early 2023"]
[White "Lopez Del Alamo, Antonio"]
[Black "Belozerov, Andrei"]
[WhiteFideId "2227339"]
[BlackFideId "4120213"]
[WhiteElo "2175"]
[BlackElo "2360"]
[Result "1-0"]
[Round "01"]
[TimeControl "180+2"]
[Date "2023.03.28"]
[WhiteClock "0:00:08"]
[BlackClock "0:00:09"]

1. e4 c5 2. Nf3 Nc6 3. Bb5 g6 4. Bxc6 bxc6 5. O-O Bg7 6. c3 Nf6 7. Re1 O-O 8. h3 d6 9. d4 cxd4 10. cxd4 a5 11. Nc3 Nd7 12. Be3 Nb6 13. Qc2 a4 14. Rad1 Be6 15. Bc1 Qc7 16. Nb5 Qb7 17. Nc3 Rfc8 18. Rd2 Rcb8 19. Rde2 Bc4 20. Re3 Qa6 21. e5 Nd5 22. Nxd5 Bxd5 23. a3 h6 24. Rc3 Qb5 25. Nd2 dxe5 26. dxe5 Rd8 27. Rc5 Qb6 28. Nf1 Bb3 29. Qc3 Rd3 30. Qxd3 Qxc5 31. Bd2 Qb6 32. Bc3 Rd8 33. Qe2 Qb5 34. Qxb5 cxb5 35. Ne3 Rd3 36. f4 h5 37. Kf2 e6 38. Ke2 Rd7 39. Kf3 Bf8 40. Re2 Bc5 41. Rd2 Rxd2 42. Bxd2 Kf8 43. Bb4 Bxb4 44. axb4 Ke7 45. Ke4 Kd7 46. Kd4 Kc6 47. g3 Ba2 48. g4 h4 49. Ng2 Bb3 50. Nxh4 Bd1 51. Ng2 Bf3 52. Ne3 Be2 53. f5 exf5 54. gxf5 g5 55. Ke4 Kc7 56. Nd5+ Kc6 57. Nf6 Kc7 58. Nh7 g4 59. hxg4 Bxg4 60. e6 fxe6 61. f6 Bf5+ 62. Ke5 Kd7 63. f7 Bxh7 64. f8=Q Bf5 65. Qd6+ Ke8 66. Qc5 Kf7 67. Qxb5 Bc2 68. Qc5 Bb3 69. b5 Bd5 70. b6 Kg6 71. Qxd5 exd5 72. Kxd5 Kf5 73. b7 Kf4 74. b8=Q+ Ke3 75. Qe5+ Kd2 76. Qc3+ Kd1 77. Kd4 a3 78. bxa3 Ke2 79. Qe3+ Kd1 80. Qf2 Kc1 81. Kc3 Kb1 82. Qb2# 1-0


[Site "https://www.chess.com"]

[Event "Titled Tuesday Blitz March 28 Early 2023"]
[White "Tatarinov, Dmitry"]
[Black "Polanco Nunez, Yoel Estarling"]
[WhiteFideId "24160067"]
[BlackFideId "6401783"]
[WhiteElo "2326"]
[BlackElo "2132"]
[Result "1-0"]
[Round "01"]
[TimeControl "180+2"]
[Date "2023.03.28"]
[WhiteClock "0:00:59"]
[BlackClock "0:00:11"]

1. e4 e5 2. Nf3 Nc6 3. Bb5 a6 4. Ba4 Nf6 5. O-O Be7 6. Re1 b5 7. Bb3 O-O 8. a4 Bb7 9. Nc3 b4 10. Nd5 d6 11. Nxf6+ Bxf6 12. Bd5 a5 13. d3 Qc8 14. Be3 Ne7 15. Bb3 c5 16. Nd2 Nc6 17. Nc4 Qc7 18. c3 Rfe8 19. Qc2 Bc8 20. Nd2 Be6 21. Bxe6 fxe6 22. c4 b3 23. Nxb3 Rab8 24. Nc1 Rb7 25. Bd2 Reb8 26. Bc3 Nb4 27. Bxb4 Rxb4 28. b3 Bg5 29. Rb1 Bxc1 30. Rexc1 Qb7 31. Qc3 Rxb3 32. Rxb3 Qxb3 33. Qxa5 Qc2 34. Rf1 Rb1 35. Qd8+ Kf7 36. Qd7+ Kf6 37. Qd8+ Kg6 38. Qe8+ Kf6 39. Qf8+ Kg6 40. g3 Rxf1+ 41. Kxf1 Qxd3+ 42. Kg1 Qb1+ 43. Kg2 Qxe4+ 44. f3 Qc2+ 45. Kh3 Qxa4 46. Qxd6 Qxc4 47. Qxe5 Qd5 48. Qe3 c4 49. g4 e5 50. Qb6+ Kg5 51. Kg3 Qd4 52. h4# 1-0


[Site "https://www.chess.com"]

[Event "Titled Tuesday Blitz March 28 Early 2023"]
[White "Sawyer, Bradley"]
[Black "Antonica, Dragos-Andrei"]
[WhiteFideId "2023784"]
[BlackFideId "1246372"]
[WhiteElo "2332"]
[BlackElo "2285"]
[Result "0-1"]
[Round "01"]
[TimeControl "180+2"]
[Date "2023.03.28"]
[WhiteClock "0:00:39"]
[BlackClock "0:02:13"]

1. e4 c5 2. Nc3 d6 3. Nf3 Nf6 4. d4 cxd4 5. Nxd4 Nc6 6. Bg5 e6 7. Qd2 Bd7 8. O-O-O a6 9. f4 b5 10. a3 Qb6 11. Nxc6 Bxc6 12. Bxf6 gxf6 13. f5 h5 14. Kb1 Qc5 15. Bd3 Bh6 16. Qe2 Ke7 17. Na2 a5 18. Nc1 b4 19. Nb3 Qe5 0-1


[Site "https://www.chess.com"]

[Event "Titled Tuesday Blitz March 28 Early 2023"]
[White "Solovchuk, Oleksiy"]
[Black "Jiganchine, Roman"]
[WhiteFideId "14115220"]
[BlackFideId "2603667"]
[WhiteElo "2291"]
[BlackElo "2330"]
[Result "1-0"]
[Round "01"]
[TimeControl "180+2"]
[Date "2023.03.28"]
[WhiteClock "0:00:21"]
[BlackClock "0:00:01"]

1. Nf3 d5 2. d4 Nf6 3. e3 Bf5 4. c4 c6 5. Qb3 Qb6 6. Nc3 e6 7. Nh4 Bg6 8. Nxg6 hxg6 9. Qxb6 axb6 10. cxd5 exd5 11. Bd2 Bd6 12. Bd3 O-O 13. O-O Re8 14. Rfe1 b5 15. a4 bxa4 16. Nxa4 Nbd7 17. b4 b5 18. Nc5 Nb6 19. f3 Nc4 20. Bxc4 bxc4 21. Nb7 Be7 22. Na5 Ra6 23. Ra4 Rea8 24. Rea1 Bd8 25. R4a3 Ne8 26. Nxc4 Rxa3 27. Rxa3 Rxa3 28. Nxa3 Nd6 29. Kf1 f5 30. Ke2 Nb5 31. Nc2 Be7 32. Ne1 Kf7 33. Nd3 Bd6 34. h3 Ke6 35. Be1 f4 36. Bh4 fxe3 37. Kxe3 Kf7 38. g4 Bf8 39. Ne5+ Ke6 40. Nxc6 Bd6 41. Bg5 Kd7 42. Ne5+ Kc7 43. Nd3 Bf8 44. Bf4+ Kb7 45. Be5 g5 46. Nc5+ Bxc5 47. bxc5 g6 48. Bf6 Kc6 49. Bxg5 Kd7 50. Kd3 Na7 51. h4 Nc6 52. h5 gxh5 53. gxh5 Ke6 54. h6 Kf7 55. f4 Kg6 56. f5+ Kh7 57. Ke3 Kg8 58. f6 1-0


[Site "https://www.chess.com"]

[Event "Titled Tuesday Blitz March 28 Early 2023"]
[White "Prudnykova, Olga"]
[Black "wqws"]
[WhiteFideId "14121093"]
[WhiteElo "2113"]
[BlackElo "2656"]
[Result "0-1"]
[Round "01"]
[TimeControl "180+2"]
[Date "2023.03.28"]
[WhiteClock "0:00:01"]
[BlackClock "0:00:55"]

1. e4 c5 2. Nf3 d6 3. Nc3 Nf6 4. e5 dxe5 5. Nxe5 Nbd7 6. d4 Nxe5 7. dxe5 Qxd1+ 8. Kxd1 Ng4 9. Bb5+ Bd7 10. e6 Nxf2+ 11. Ke2 Bxb5+ 12. Nxb5 Nxh1 13. Nc7+ Kd8 14. Nxa8 f6 15. Bf4 g5 16. Bb8 Kc8 17. Bxa7 Bg7 18. Rxh1 b5 19. Bxc5 Kb7 20. Nb6 Kc6 21. Be3 Kd6 22. Rd1+ Kxe6 23. Nd7 h6 24. Nc5+ Kf7 25. Rd7 Rc8 26. Rb7 f5 27. c3 f4 28. Bf2 Ra8 29. a3 Kg6 30. Ne6 Bf6 31. Rxb5 Ra6 32. Rb6 Ra5 33. Nd4 g4 34. Rb5 Ra6 35. Nc2 e5 36. Nb4 Rd6 37. Rd5 Re6 38. Bc5 e4 39. Rd6 f3+ 40. Kf1 Re8 41. Bd4 e3 42. Rxf6+ Kg5 43. Rf7 e2+ 44. Ke1 fxg2 45. Rg7+ Kh4 46. Nd3 Re4 47. Kd2 Rxd4 48. Rxg4+ Rxg4 0-1


[Site "https://www.chess.com"]